AoeStats
← :)

Oasis

507159475Analyzed
4v4 RM · 17d ago on Sep 16, 2026· 50m 19s· 8 players
Game mode
Random Map
Map size
Large (8 player)
Population
200
Speed
Normal
Resources
Standard
Victory
Conquest
Starting age
Dark Age
Ending age
Imperial Age
RankedLock teamsTeams togetherTeam positionsShared explorationLock speedFull tech treeHidden civsTurbo modeCheats
Victory
Defeat
🇩🇪 Japanese · Germany
1470
+13
🇩🇪 Malay · Germany
1430
+15
🇩🇪 Inca · Germany
1369
+18
🇩🇪 Bulgarians · Germany
1228
+24
🇺🇸 Goths · United States
1417
-18
🇦🇷 Bengalis · Argentina
1414
-18
🇺🇾 Celts · Uruguay
1410
-18
🇺🇸 Koreans · United States
1374
-16
vR-MrReD
6:24 Loom
9:52 Feudal Age
10:35 Double-Bit Axe
12:34 Fletching
14:46 Padded Archer Armor
21:59 Wheelbarrow
23:24 Castle Age
22:34 Wheelbarrow
24:09 Bodkin Arrow
24:27 Bloodlines
24:17 Husbandry
26:26 Horse Collar
27:13 Thumb Ring
29:51 Bow Saw
31:14 Leather Archer Armor
34:26 Ballistics
37:14 Gold Mining
37:15 Stone Mining
37:31 Heavy Plow
41:16 Imperial Age
41:52 Hand Cart
41:28 Heavy Cavalry Archer
42:34 Parthian Tactics
43:17 Chemistry
41:57 Treadmill Crane
42:27 Bracer
42:57 Ring Archer Armor
43:17 Gold Shaft Mining
45:07 Ring Archer Armor
45:37 Capped Ram
48:14 Two-Man Saw
47:41 Scale Mail Armor
47:51 Forging
49:17 Caravan
49:48 Coinage
Aremenius
9:17 Feudal Age
9:58 Double-Bit Axe
10:41 Champi Runner
16:13 Wheelbarrow
19:23 Castle Age
18:08 Gold Mining
18:35 Horse Collar
20:14 Fletching
19:46 Crossbowman
22:09 Bow Saw
22:01 Bodkin Arrow
26:01 Padded Archer Armor
29:41 Leather Archer Armor
33:30 Imperial Age
31:47 Forging
33:19 Gold Shaft Mining
35:11 Chemistry
34:14 Bracer
34:00 Treadmill Crane
38:49 Caravan
39:19 Coinage
39:00 Guilds
38:37 Arbalester
40:11 Conscription
41:18 Ring Archer Armor
41:46 Ballistics
45:58 Banking
47:05 Iron Casting
48:55 Treadmill Crane
49:29 Masonry
49:15 Murder Holes
LukasPlanet
7:20 Loom
10:17 Feudal Age
10:03 Double-Bit Axe
9:59 Horse Collar
16:01 Wheelbarrow
16:50 Gold Mining
19:30 Castle Age
18:30 Scale Barding Armor
19:12 Forging
19:26 Bow Saw
22:46 Husbandry
22:53 Heavy Plow
24:20 Iron Casting
27:03 Devotion
32:43 Gold Shaft Mining
33:15 Hand Cart
34:41 Town Watch
36:05 Town Patrol
40:29 Imperial Age
41:37 Blast Furnace
41:01 Elite Battle Elephant
45:03 Stone Mining
45:40 Caravan
51:14 Crop Rotation
Eule_Keule
6:47 Loom
9:42 Feudal Age
10:48 Double-Bit Axe
13:12 Horse Collar
19:05 Castle Age
17:42 Gold Mining
18:12 Forging
18:12 Scale Barding Armor
23:28 Bloodlines
26:50 Husbandry
27:21 Chain Barding Armor
28:11 Wheelbarrow
35:14 Gold Shaft Mining
36:07 Stone Mining
37:36 Iron Casting
37:03 Scale Mail Armor
38:20 Bow Saw
42:48 Imperial Age
41:02 Chain Mail Armor
41:05 Town Watch
42:36 Stone Shaft Mining
42:15 Squires
42:05 Arson
44:38 Elite Konnik
47:49 Blast Furnace
49:11 Blast Furnace
48:46 Plate Barding Armor
50:57 Plate Mail Armor
all peacocks are the same
2:49 Loom
12:02 Feudal Age
12:55 Double-Bit Axe
13:12 Gold Mining
13:22 Man-at-Arms
14:14 Scale Mail Armor
14:26 Loom
15:13 Forging
17:45 Horse Collar
21:18 Wheelbarrow
24:30 Castle Age
24:32 Long Swordsman
25:12 Squires
25:49 Iron Casting
25:30 Chain Mail Armor
25:37 Bow Saw
25:41 Stone Mining
28:54 Fletching
29:32 Ballistics
31:48 Heavy Plow
37:21 Pikeman
40:49 Imperial Age
39:02 Gold Mining
40:13 Bodkin Arrow
40:50 Two-Handed Swordsman
42:18 Perfusion
43:51 Blast Furnace
44:26 Chemistry
43:41 Champion
45:40 Capped Ram
46:03 Pikeman
47:09 Conscription
47:37 Anarchy
mikeymazko
11:12 Feudal Age
12:04 Double-Bit Axe
15:18 Castle Age
14:03 Horse Collar
16:23 Bow Saw
17:28 Heavy Plow
18:15 Loom
23:46 Wheelbarrow
24:14 Stone Mining
27:17 Fletching
33:37 Imperial Age
31:38 Bodkin Arrow
32:35 Gold Mining
33:39 Hand Cart
33:10 Town Watch
33:28 Treadmill Crane
34:58 Conscription
34:41 Bracer
35:42 Chemistry
36:06 Two-Man Saw
35:57 Masonry
36:35 Siege Engineers
38:29 Ballistics
38:41 Architecture
38:02 Elite War Wagon
38:45 Murder Holes
41:59 Thumb Ring
44:43 Caravan
45:13 Coinage
46:51 Husbandry
48:01 Banking
47:43 Pikeman
48:23 Squires
[LdS]Nestoter
8:57 Feudal Age
8:42 Loom
9:47 Man-at-Arms
12:53 Double-Bit Axe
12:52 Horse Collar
15:14 Town Watch
16:04 Wheelbarrow
19:57 Castle Age
18:12 Gold Mining
21:05 Bow Saw
23:48 Fervor
24:16 Sanctity
24:49 Heavy Plow
26:08 Gold Shaft Mining
26:07 Hand Cart
26:40 Stone Mining
32:03 Stone Shaft Mining
35:24 Imperial Age
35:42 Capped Ram
35:47 Long Swordsman
36:12 Gambesons
36:13 Arson
36:30 Scale Mail Armor
36:40 Forging
36:22 Onager
36:48 Pikeman
38:13 Chain Mail Armor
37:20 Halberdier
38:20 Fletching
39:30 Plate Mail Armor
40:13 Bodkin Arrow
40:19 Padded Archer Armor
40:41 Elite Skirmisher
45:17 Siege Onager
:)
7:41 Loom
10:15 Feudal Age
11:01 Double-Bit Axe
12:30 Wheelbarrow
12:46 Fletching
14:12 Horse Collar
15:04 Padded Archer Armor
26:08 Castle Age
26:51 Bodkin Arrow
31:06 Leather Archer Armor
34:05 Elite Skirmisher
41:37 Hand Cart
50:22 Imperial Age
Connection lost

Rejoining the realm…

Still unreachable

The connection could not be restored.

Session expired

The server has moved on; the page needs a fresh start.